cohdb
Replays
Latest Replays
All Replays
Popular Replays
Top Player Replays
Match Explorer
How It Works
Community
CoH3 Stats
Reddit
Sign in to upload your games and track your stats! →
Sign in with Steam
Match 41725207
Unlisted
Match 41725207
Overview
Messages
Build Orders
End
Pioneer Squad
Construct Infanterie Kompanie
Grenadier Squad
MG 42 Machine Gun Team
Grenadier Squad
Selects Breakthrough Battlegroup
Selects Assault Grenadiers
MG 42 Machine Gun Team
Construct Luftwaffe Kompanie
Construct Panzergrenadier Kompanie
251 Medium Carrier
Medical Station
Selects Breakthrough
Pak 40 Anti-tank Gun Team
Selects Mechanized Assault Group
Pak 40 Anti-tank Gun Team
Mechanized Assault Group
Construct Panzer Kompanie
Stoßtruppen Squad
Zo͞olo͞oKōbrə
Havoc
Kitsuné
Dumais
0
0
Comments
sign in to comment!
No comments posted yet!